 Dungeon Crawl Stone Soup version 0.16-a0-269-gd5b6136 (webtiles) character file.

112 Crauler the Digger (level 4, -8/26 HPs)
             Began as a Gargoyle Earth Elementalist on Aug 26, 2014.
             Killed from afar by Sigmund (12 damage)
             ... with a puff of flame
             ... on Level 3 of the Dungeon.
             The game lasted 00:07:39 (2007 turns).

Crauler the Digger (Gargoyle Earth Elementalist)    Turns: 2007, Time: 00:07:40

HP  -8/26        AC  5     Str  9 (12) XL: 4   Next: 95%
MP   8/8         EV 12     Int 16      God:
Gold 111         SH  0     Dex 10      Spells:  2 memorised,  3 levels left

rFire  . . .     SeeInvis .     b - 54 stones
rCold  . . .     Clarity  .     c - +0 robe
rNeg   + . .     rCorr    .     (no shield)
rPois  +         rRot     +     (no helmet)
rElec  +         Spirit   .     (no cloak)
SustAb .         Warding  .     (no gloves)
rMut   +         Stasis   .     (no boots)
Gourm  .                        n - amulet of resist mutation
MR     .....                    (no ring)
                                (no ring)

@: very slightly contaminated, invisible, not resistant to hostile enchantments,
unstealthy
A: negative energy resistance 1, electricity resistance, unbreathing,
petrification resistance, rot immunity, AC +3
a: no special abilities


You were on level 3 of the Dungeon.
You were not hungry.

You visited 1 branch of the dungeon, and saw 3 of its levels.

You collected 111 gold pieces.

Inventory:

Hand weapons
 e - a +0 spear
 p - a +2 short sword of flaming
Missiles
 b - 54 stones (in hand)
Armour
 c - a +0 robe (worn)
Comestibles
 a - 2 bread rations
 l - a chunk of giant newt flesh
Scrolls
 g - 2 scrolls of remove curse {unknown}
 j - 4 scrolls of teleportation {unknown}
 m - a scroll of magic mapping {unknown}
 t - a scroll of enchant armour {unknown}
Jewellery
 k - an uncursed amulet of resist corrosion
 n - an amulet of resist mutation (around neck)
Potions
 i - a potion of haste {unknown}
 s - a potion of mutation {unknown}
Books
 d - a book of Geomancy

   Spells                             Type                      Level
   *Sandblast                         Earth                        1
   Stoneskin                          Transmutation/Earth          2
   Passwall                           Transmutation/Earth          3
   *Stone Arrow                       Conjuration/Earth            3
   Petrify                            Transmutation/Earth          4
   Lee's Rapid Deconstruction         Earth                        5


   Skills:
 + Level 1.6 Fighting
 + Level 2.2 Dodging
 - Level 2.1 Stealth
 + Level 2.3 Spellcasting
 + Level 1.0 Conjurations
   Level 0.7 Transmutations
 * Level 5.1 Earth Magic


You had 3 spell levels left.
You knew the following spells:

 Your Spells              Type           Power        Failure   Level  Hunger
a - Sandblast             Erth           ###...       2%          1    #......
b - Stone Arrow           Conj/Erth      ##....       17%         3    ####...


Dungeon Overview and Level Annotations

Branches:
Dungeon (3/15)

Altars:

Annotations:
D:3 Sigmund


Innate Abilities, Weirdness & Mutations

You are resistant to torment.
You are immune to poison.
Your stone body is very resilient (AC +3).
You resist negative energy.
You are resistant to electric shocks.
You can survive without breathing.
You are immune to petrification.
You are immune to rotting.


Message History

Sigmund gestures at you while chanting.
You are confused.
Ouch! Ouch! Sigmund mumbles some strange words.
Sigmund flickers and vanishes!
Deactivating autopickup; reactivate with Ctrl-A.
The puff of flame misses you.
Drink which item? (? for menu, Esc to quit)
There was something very wrong with that liquid!
You feel weakened.
It was a potion of degeneration.
Drink which item? (? for menu, Esc to quit)
Magic courses through your body.
It was a potion of magic.
Drink which item? (? for menu, Esc to quit)
You fade into invisibility!
It was a potion of invisibility.
You feel less confused. The puff of flame hits you!
You die...

###### .....#
.###.#############
.# #.............#
.###.###########.#
.....# #.# #.####
#.# #.# #@#
#.###### #.#
.......# #.#
..####.# #.# ###
#.# #Z# #.# #.#
#.# #.# #.#
#####.# #.#
#.....#


You could see an orc skeleton.

Vanquished Creatures
  Jessica (D:3)
  2 adders (D:2)
  An inept item mimic (D:2)
  2 worms (D:2)
  A giant gecko (D:2)
  An ooze (D:1)
  A ball python (D:2)
  6 bats
  4 giant cockroaches
  9 hobgoblins
  4 jackals
  3 kobolds
  7 giant newts
  5 goblins
  12 rats
59 creatures vanquished.

Notes
Turn   | Place    | Note
--------------------------------------------------------------
     0 | D:1      | Crauler, the Gargoyle Earth Elementalist, began the quest for the Orb.
     0 | D:1      | Reached XP level 1. HP: 10/10 MP: 3/3
    75 | D:1      | Reached skill level 4 in Earth Magic
    77 | D:1      | Reached XP level 2. HP: 13/15 MP: 4/4
   358 | D:1      | Reached XP level 3. HP: 17/19 MP: 6/6
   701 | D:2      | Reached skill level 1 in Fighting
   715 | D:2      | Learned a level 3 spell: Stone Arrow
   905 | D:2      | Reached XP level 4. HP: 12/25 MP: 7/7
  1595 | D:2      | Reached skill level 5 in Earth Magic
  1834 | D:3      | Noticed Jessica
  1842 | D:3      | Killed Jessica
  1842 | D:3      | Reached skill level 1 in Conjurations
  1981 | D:3      | Noticed Sigmund
  2007 | D:3      | Killed from afar by Sigmund

Action                   |  1- 3 |  4- 6 || total
-------------------------+-------+-------++-------
Melee: Spear             |   159 |    56 ||   215
       Short sword       |       |    31 ||    31
 Cast: Sandblast         |       |    12 ||    12
       Stone Arrow       |       |     2 ||     2
  Use: Potion            |       |     3 ||     3
 Stab: Sleeping          |     6 |     1 ||     7
  Eat: Chunk             |       |     4 ||     4
